 Dungeon Crawl Stone Soup version 0.29.1-2-gbd0b4ee654 (webtiles) character file.

Game seed: 16455235538179382320

135122 identify the Peltast (level 16, -7/151 HPs)
             Began as a Minotaur Fighter on Nov 21, 2022.
             Was the Champion of Okawaru.
             Mangled by an alligator (8 damage)
             ... called by a spriggan druid
             ... on level 1 of the Swamp.
             The game lasted 01:53:43 (33180 turns).

identify the Peltast (Minotaur Fighter)            Turns: 33180, Time: 01:53:44

Health: -7/151     AC: 33    Str: 26    XL:     16   Next: 63%
Magic:  0/16       EV: 11    Int:  8    God:    Okawaru [******]
Gold:   546        SH: 16    Dex: 17    Spells: 15/15 levels left

rFire   + . .      SeeInvis +   e - +6 war axe of Fompoaxze {drain, rPois rC- rCorr Stlth+}
rCold   . . .      Faith    .   M - +0 buckler {AC+3}
rNeg    . . .      Spirit   +   J - +3 crystal plate armour {rC+}
rPois   +          Reflect  .   (helmet restricted)
rElec   +          Harm     .   i - +1 cloak {Will+}
rCorr   +          Rampage  .   z - +1 pair of gloves of the Poles {rPois Int+5}
Will    ++...                   F - +0 pair of boots
Stlth   ..........              R - brooch of Shielding {Spirit SH+8}
HPRegen 0.35/turn               r - ring "Yghicat" {rF+ Int-4 Dex+6 Slay+6}
MPRegen 0.15/turn               K - ring of Xanitax {rElec SInv}

@: marked, corroded, studying Dodging, very slow
A: horns 2, retaliatory headbutt
a: Renounce Religion, Heroism, Finesse, Duel


You were on level 1 of the Swamp.
You worshipped Okawaru.
Okawaru was exalted by your worship.
You visited 5 branches of the dungeon, and saw 24 of its levels.
You also visited: Sewer, Bailey, Gauntlet and Ice Cave.

You collected 2998 gold pieces.
You spent 2452 gold pieces at shops.

Inventory:

Hand Weapons
 e - the +6 war axe of Fompoaxze (weapon) {drain, rPois rC- rCorr Stlth+}
   (You found it on level 2 of the Dungeon)

   A truly terrible weapon, it drains the life of any living foe it strikes.
   rC:        It makes you vulnerable to cold.
   rPois:     It protects you from poison.
   rCorr:     It protects you from acid and corrosion.
   Stlth:     It makes you more stealthy.
 C - a +7 vorpal battleaxe
 H - the +3 hand axe of Spontaneous Combustion {venom, *Rage Str+3}
   (Okawaru gifted it to you on level 15 of the Dungeon)

   It poisons the flesh of those it strikes.
   Str:       It affects your strength (+3).
   *Rage:     It berserks you when you make melee attacks (+20% chance).
 L - the +6 trident "Jutiz" {elec, rC+ Str+7}
   (You took it off a spriggan on level 3 of the Lair of Beasts)

   It occasionally discharges a powerful burst of electricity upon striking a
   foe.
   Str:       It affects your strength (+7).
   rC:        It protects you from cold.
 N - the +4 war axe of Popular Demand {vorpal, Will+ Dex+4}
   (Okawaru gifted it to you on level 5 of the Lair of Beasts)

   It inflicts extra damage upon your enemies.
   Dex:       It affects your dexterity (+4).
   Will:      It increases your willpower.
Missiles
 h - 198 stones (quivered)
 n - 8 silver javelins
 y - 3 datura-tipped darts
 D - 4 boomerangs of dispersal
 G - a throwing net
 U - 2 silver boomerangs
 Z - 8 poisoned darts
Armour
 c - the +1 steam dragon scales "Kem Qah" {rPois rC+}
   (Okawaru gifted it to you on level 13 of the Dungeon)

   rC:        It protects you from cold.
   rPois:     It protects you from poison.
 i - a +1 cloak of willpower (worn)
 z - the +1 pair of gloves of the Poles (worn) {rPois Int+5}
   (Okawaru gifted it to you on level 14 of the Dungeon)

   Int:       It affects your intelligence (+5).
   rPois:     It protects you from poison.
 F - a +0 pair of boots (worn)
 J - a +3 crystal plate armour of cold resistance (worn)
 M - a +0 buckler of protection (worn)
 O - the +1 ring mail of Defiance {rPois rF+ rC+ Dex+4}
   (You found it on level 13 of the Dungeon)

   Dex:       It affects your dexterity (+4).
   rF:        It protects you from fire.
   rC:        It protects you from cold.
   rPois:     It protects you from poison.
 P - the +1 pair of gloves of Haaxta {rElec}
   (Okawaru gifted it to you in a Gauntlet)

   rElec:     It insulates you from electricity.
 S - +0 fire dragon scales
Jewellery
 r - the ring "Yghicat" (left hand) {rF+ Int-4 Dex+6 Slay+6}
   (You acquired it on level 4 of the Dungeon)

   [ring of protection from fire]

   Int:       It affects your intelligence (-4).
   Dex:       It affects your dexterity (+6).
   Slay:      It affects your accuracy & damage with ranged weapons and melee
   (+6).
   rF:        It protects you from fire.
 x - a ring of flight
 K - the ring of Xanitax (right hand) {rElec SInv}
   (You found it in a Gauntlet)

   [ring of see invisible]

   rElec:     It insulates you from electricity.
   SInv:      It lets you see invisible.
 R - the brooch of Shielding (around neck) {Spirit SH+8}
   (You took it off a spriggan on level 3 of the Lair of Beasts)

   [amulet of guardian spirit]

   It causes incoming damage to be divided between your reserves of health and
   magic.
   SH:        It affects your SH (+8).
 Y - a ring of willpower
Wands
 g - a wand of quicksilver (18)
 m - a wand of digging (10)
 q - a wand of polymorph (19)
 t - a wand of flame (46)
 Q - a wand of iceblast (4)
Scrolls
 b - 3 scrolls of poison
 j - 4 scrolls of enchant weapon
 u - 13 scrolls of teleportation
 v - 2 scrolls of blinking
 w - 6 scrolls of magic mapping
 B - 4 scrolls of fear
 E - 10 scrolls of identify
Potions
 d - 8 potions of might
 f - a potion of berserk rage
 k - 5 potions of haste
 l - 9 potions of flight
 o - 7 potions of curing
 p - a potion of cancellation
 s - a potion of ambrosia
 A - 3 potions of invisibility
 I - 2 potions of heal wounds
Miscellaneous
 a - a condenser vane
 V - a condenser vane


   Skills:
 + Level 15.9 Fighting
 + Level 15.6 Axes
 + Level 11.0 Throwing
 + Level 16.0 Armour
 + Level 12.8 Dodging
 + Level 16.0 Shields
 + Level 1.8 Invocations
 + Level 2.8 Evocations


You had 15 spell levels left.
You didn't know any spells.
Your spell library contained the following spells:

 Spells                   Type           Power      Damage    Failure   Level
 Apportation              Tloc           0%         N/A       100%        1
 Magic Dart               Conj           0%         1d3       100%        1
 Necrotise                Necr           0%         1d4       100%        1
 Blink                    Tloc           0%         N/A       100%        2
 Ensorcelled Hibernation  Hex/Ice        0%         N/A       100%        2
 Static Discharge         Conj/Air       0%         3-3/arc   100%        2
 Conjure Flame            Conj/Fire      0%         6-21      100%        3
 Frozen Ramparts          Ice            0%         1d1       100%        3
 Gell's Gravitas          Tloc           0%         N/A       100%        3
 Ignite Poison            Fire/Tmut/Pois 0%         N/A       100%        3
 Lesser Beckoning         Tloc           0%         N/A       100%        3
 Mephitic Cloud           Conj/Pois/Air  0%         N/A       100%        3
 Portal Projectile        Hex/Tloc       0%         N/A       100%        3
 Teleport Other           Tloc           0%         N/A       100%        3
 Vampiric Draining        Necr           0%         2d6       100%        3
 Dispel Undead            Necr           0%         3d6       100%        4
 Flame Wave               Conj/Fire      0%         2d4       100%        4
 Hailstorm                Conj/Ice       0%         3d3       100%        4
 Petrify                  Tmut/Erth      0%         N/A       100%        4
 Sticky Flame             Conj/Fire      0%         2d3       100%        4
 Blade Hands              Tmut           0%         N/A       100%        5
 Borgnjor's Vile Clutch   Necr/Erth      0%         N/A       100%        5
 Fireball                 Conj/Fire      0%         3d3       100%        5
 Freezing Cloud           Conj/Ice/Air   0%         6-21      100%        5
 Irradiate                Conj/Tmut      0%         3d11      100%        5
 Manifold Assault         Tloc           0%         N/A       100%        5
 Metabolic Englaciation   Hex/Ice        0%         N/A       100%        5
 Dispersal                Tloc           0%         N/A       100%        6
 Statue Form              Tmut/Erth      0%         N/A       100%        6
 Dragon Form              Tmut           0%         N/A       100%        7
 Death's Door             Necr           0%         N/A       100%        9
 Fire Storm               Conj/Fire      0%         5d1       100%        9
 Polar Vortex             Ice            0%         N/A       100%        9
 Summon Small Mammal      Summ           Unusable   N/A       N/A         1
 Call Imp                 Summ           Unusable   N/A       N/A         2
 Call Canine Familiar     Summ           Unusable   N/A       N/A         3
 Summon Guardian Golem    Hex/Summ       Unusable   N/A       N/A         3
 Tukima's Dance           Hex            Unusable   N/A       N/A         3
 Animate Dead             Necr           Unusable   N/A       N/A         4
 Death Channel            Necr           Unusable   N/A       N/A         6
 Simulacrum               Ice/Necr       Unusable   N/A       N/A         6
 Malign Gateway           Summ/Tloc      Unusable   N/A       N/A         7
 Summon Horrible Things   Summ           Unusable   N/A       N/A         8

Dungeon Overview and Level Annotations

Branches:
Dungeon (15/15)            Temple (1/1) D:6            Lair (5/5) D:10
  Swamp (1/4) Lair:3       Spider (0/4) Lair:3        Slime (0/5) Lair:4
    Orc (2/2) D:10            Elf (0/3) Orc:2        Vaults (0/5) D:14
 Depths (0/4) D:15          Sewer (visited)          Bailey (visited)
  IceCv (visited)         Gauntlet (visited)

Altars:
Ashenzari
Cheibriados
Dithmenos
Elyvilon
Fedhas
Gozag
Hepliaklqana
Kikubaaqudgha
Makhleb
Nemelex Xobeh
Okawaru
Qazlal
Ru
Sif Muna
Trog
Uskayaw
Vehumet
Wu Jian
Xom
Yredelemnul
Zin
The Shining One
Jiyva

Shops:
D:1 =   D:7 *   D:13 *   D:14 *   Orc:1 :   Orc:2 :(*[

Portals:
Trove: D:11 (show slimy rune of Zot)


Innate Abilities, Weirdness & Mutations

You have a pair of horns on your head.
You reflexively headbutt those who attack you in melee.


Message History

* * * LOW HITPOINT WARNING * * *
You enter the shallow water.
Moving in this stuff is going to be slow.
The eleionoma flows through the trees.
The alligator puts on a burst of speed!
The eight-headed hydra bites you but does no damage. x2
You block the eight-headed hydra's attack.
The eight-headed hydra bites you but does no damage.
The eight-headed hydra bites you!!
* * * LOW HITPOINT WARNING * * *
The eight-headed hydra barely misses you.
The eight-headed hydra bites you but does no damage.
The eight-headed hydra closely misses you.
The bunyip howls a warning cry!
The alligator bites you but does no damage.
You block the alligator's attack.
You feel much better.
The swamp dragon no longer looks unusually strong.
The alligator puts on a burst of speed!
You block the eleionoma's attack.
The bunyip claws you but does no damage.
The bunyip claws you.
* * * LOW HITPOINT WARNING * * *
The bunyip misses you.
The swamp dragon bites you but does no damage.
The swamp dragon claws you but does no damage.
The swamp dragon tramples you but does no damage.
The goliath frog hits you from afar!
* * * LOW HITPOINT WARNING * * *
You are splashed with acid.
You resist.
* * * LOW HITPOINT WARNING * * *
You block the eight-headed hydra's attack.
The eight-headed hydra completely misses you.
The eight-headed hydra misses you. The eight-headed hydra bites you!
* * * LOW HITPOINT WARNING * * *
The eight-headed hydra bites you.
* * * LOW HITPOINT WARNING * * *
The eight-headed hydra bites you but does no damage. x2
The eight-headed hydra bites you!
* * * LOW HITPOINT WARNING * * *
The alligator bites you!
You die...

~♣♣?~~~~~♣(..~~
..~~.~~.~~....♣
♣.~n~~~~~.~~.♣
♣...~.~§.~..♣
♣~~~.....~..♣
♣~.~♣.~~♣~~~♣
♣~♣~~)Dt♣.~~♣~♣
♣~~.Fx@R<~~.~♣
♣~~.wD~~.....♣
♣..iix~§~.♣.....
♣.w~t~.~.~~~.~.♣..♣
♣it♣§~~~...~~§.~..♣
≈≈~.
♣.♣...).~....~~~
≈≈~ ♣.♣♣...~.†..$..
♣. ♣. ♣♣..†..≈≈...
♣ ♣. ~♣..≈≈


You could see 2 bunyips, an eleionoma (drained), 3 alligators, an eight-headed
hydra (strong, drained), a swamp dragon, a spriggan druid, a goliath frog, a bog
body, 2 swamp worms and a spriggan.

Vanquished Creatures
  Jorgrun (D:12)
  A sphinx (D:13)
  Frances (D:12)
  A fire giant (D:13)
  2 orc warlords
  The ghost of Ekohas the Severer, a journeyman OgGl of Trog (Lair:3)
  An ironbound preserver (D:14)
  2 entropy weavers (Lair:3)
  A minotaur (Gauntlet)
  An ettin (D:13)
  3 fire dragons
  4 boulder beetles
  An ice dragon (D:15)
  3 ghost crabs (Lair:3)
  7 hydras
  A catoblepas (D:13)
  7 two-headed ogres
  12 centaur warriors
  4 tengu warriors
  2 dancing weapons (D:6)
  3 orc high priests (Orc:2)
  A deep troll earth mage (D:13)
  Urug (Lair:1)
  Sonja (D:12)
  A hell knight (D:13)
  6 fire crabs (Lair:3)
  7 skeletal warriors
  A goliath frog (Swamp:1)
  A spriggan druid (Swamp:1)
  A swamp dragon (Lair:5)
  A lindwurm (shapeshifter) (D:13)
  A wizard (D:13)
  4 orc knights
  A necromancer (IceCv)
  17 ugly things
  An oklob plant (Lair:5)
  4 deep elf pyromancers
  3 manticores
  4 orc sorcerers (Orc:2)
  5 slime creatures
  5 cyclopes
  3 black mambas
  An apocalypse crab (Lair:3)
  2 ice statues
  6 elephants (Lair:2)
  2 gargoyles
  9 rime drakes
  6 cane toads
  3 unseen horrors
  A rime drake (shapeshifter) (D:14)
  3 kobold demonologists (D:8)
  An efreet (D:15)
  11 komodo dragons
  2 anaconda simulacra (IceCv)
  3 tengu conjurers (D:13)
  4 freezing wraiths
  9 ice devils (IceCv)
  12 polar bears
  A meliai (D:14)
  7 trolls
  A hornet (shapeshifter) (D:15)
  11 blink frogs
  A wolf spider simulacrum (D:13)
  2 raiju
  A hornet (Lair:3)
  The ghost of Firos the Changer, an amateur OpTm (D:5)
  2 spriggans (Lair:3)
  A centaur simulacrum (D:10)
  4 wyverns
  A shadow (D:11)
  The ghost of identify the Sneak, an amateur GrEE of Vehumet (D:4)
  A water elemental (D:14)
  43 yaks
  A vampire (D:11)
  A ynoxinul (Gauntlet)
  2 wraiths
  11 basilisks
  9 steam dragons
  A basilisk (shapeshifter) (D:14)
  3 death yak simulacra (IceCv)
  3 dire elephant simulacra (IceCv)
  A redback (D:13)
  15 vampire mosquitoes
  5 harpy simulacra (IceCv)
  A swamp worm (Swamp:1)
  2 hydra simulacra (IceCv)
  9 wargs
  An acid dragon (D:9)
  Duvessa (D:6)
  14 hell hounds (Lair:5)
  41 orc warriors
  8 water moccasins
  2 swamp drakes (Lair:5)
  14 black bears
  3 ice beasts
  4 ogres
  18 wolves
  12 centaurs
  2 phantoms
  6 kobold brigands (D:8)
  3 gnoll sergeants
  6 bullfrogs
  3 necrophages
  A two-headed ogre simulacrum (IceCv)
  4 scorpions
  2 cane toad simulacra (IceCv)
  3 wights (D:9)
  Dowan (D:6)
  4 elephant simulacra (IceCv)
  7 jellies
  9 killer bees
  9 howler monkeys
  An electric eel (D:10)
  4 hounds
  19 orc priests
  3 iron imps (Gauntlet)
  9 iguanas
  26 orc wizards
  A merfolk siren (Sewer)
  2 troll simulacra (IceCv)
  7 polar bear simulacra (IceCv)
  A merfolk avatar (Sewer)
  4 wolf simulacra (IceCv)
  A mummy (D:6)
  19 adders
  24 gnolls
  3 naga simulacra (IceCv)
  2 river rats (Sewer)
  3 white imps
  An ufetubus (D:7)
  A dart slug (D:2)
  3 worms
  67 orcs
  3 bats (D:1)
  5 endoplasms
  8 giant cockroaches
  16 goblins
  15 hobgoblins
  3 jackals (D:2)
  8 kobolds
  5 quokkas
  10 ball pythons
  9 frilled lizards
  29 rats
  A bush (Lair:5)
836 creatures vanquished.

Vanquished Creatures (others)
  An eleionoma (Swamp:1)
  An entropy weaver (Lair:3)
  An efreet (D:13)
  A bloated husk (Swamp:1)
  21 fungi
  73 plants
98 creatures vanquished.

Grand Total: 934 creatures vanquished

Notes
Turn   | Place    | Note
-------+----------+-------------------------------------------
     0 | D:1      | identify the Minotaur Fighter began the quest for the Orb.
     0 | D:1      | Reached XP level 1. HP: 19/19 MP: 0/0
    90 | D:1      | Found Gesudy's Jewellery Shoppe.
   288 | D:1      | Reached XP level 2. HP: 27/27 MP: 1/1
  1279 | D:2      | Identified the +6 war axe of Fompoaxze {drain, rPois rC-
                  | rCorr Stlth+}
  1328 | D:2      | Reached XP level 3. HP: 22/33 MP: 2/2
  1913 | D:3      | Reached XP level 4. HP: 39/40 MP: 3/3
  2034 | D:3      | Found a bloodstained altar of Trog.
  2038 | D:3      | Found a basalt altar of Yredelemnul.
  2105 | D:3      | Found a glowing drain.
  2113 | Sewer    | Entered a sewer
  2185 | Sewer    | Reached XP level 5. HP: 47/47 MP: 4/4
  2643 | Sewer    | Reached skill level 5 in Armour
  2643 | Sewer    | Reached skill level 5 in Shields
  2856 | D:3      | Reached skill level 5 in Fighting
  3462 | D:3      | Reached XP level 6. HP: 55/56 MP: 5/5
  3600 | D:4      | Noticed identify's ghost (amateur GrEE)
  3662 | D:4      | Found a runed translucent gate.
  3662 | D:4      | Found a runed translucent gate.
  3663 | D:4      | Found a runed translucent gate.
  3780 | D:4      | Found a stormy altar of Qazlal.
  3807 | D:4      | Found a radiant altar of Vehumet.
  4104 | D:4      | Found a shadowy altar of Dithmenos.
  4150 | D:4      | Identified a scroll of acquirement
  4150 | D:4      | Acquired the ring "Yghicat" {rF+ Int-4 Dex+6 Slay+6}
  4275 | D:4      | Killed identify's ghost
  4276 | D:4      | Reached skill level 5 in Axes
  4276 | D:4      | Reached XP level 7. HP: 39/62 MP: 6/6
  4451 | D:5      | Entered Level 5 of the Dungeon
  4595 | D:5      | Found a transporter.
  4600 | D:5      | Found a transporter.
  4600 | D:5      | Noticed Firos's ghost (amateur OpTm)
  5073 | D:5      | Reached XP level 8. HP: 71/71 MP: 7/7
  5203 | D:5      | Killed Firos's ghost
  5345 | D:6      | Found an opulent altar of Gozag.
  5686 | D:6      | Found a broken altar of Ashenzari.
  5729 | D:6      | Killed an unseen horror
  6042 | D:6      | Reached XP level 9. HP: 78/81 MP: 8/8
  6078 | D:6      | Noticed a +0 hand axe
  6079 | D:6      | Noticed a +0 hand axe
  6087 | D:6      | Found a hide-covered altar of Uskayaw.
  6348 | D:6      | Found a shimmering blue altar of Sif Muna.
  6416 | D:6      | Noticed Duvessa
  6420 | D:6      | Noticed Dowan
  6424 | D:6      | Killed Duvessa
  6430 | D:6      | Killed Dowan
  6572 | D:6      | Found a staircase to the Ecumenical Temple.
  6578 | Temple   | Entered the Ecumenical Temple
  6842 | D:6      | Found a snail-covered altar of Cheibriados.
  6933 | D:6      | Killed a +0 hand axe
  6943 | D:6      | Killed a +0 hand axe
  6944 | D:6      | Reached XP level 10. HP: 8/91 MP: 9/9
  7540 | D:7      | Found Nasmaal's Assorted Antiques.
  8113 | D:7      | Reached skill level 1 in Dodging
  8116 | D:7      | Reached skill level 1 in Throwing
  8256 | D:8      | Noticed a deep elf pyromancer
  8264 | D:8      | Killed a deep elf pyromancer
  8510 | D:8      | Reached skill level 10 in Shields
  8612 | D:8      | Found an ancient bone altar of Kikubaaqudgha.
  8668 | D:8      | Noticed a centaur warrior
  8678 | D:8      | Killed a centaur warrior
  8679 | D:8      | Reached skill level 10 in Fighting
  8679 | D:8      | Reached skill level 10 in Armour
  8905 | D:8      | Found an ornate altar of the Wu Jian Council.
  9162 | D:8      | Found the +7 Throatcutter {drain, coup de grace}
  9167 | D:8      | Noticed a sixfirhy
  9172 | D:8      | Reached skill level 10 in Axes
  9183 | D:8      | Noticed a rust devil
  9185 | D:8      | Reached XP level 11. HP: 101/101 MP: 10/10
  9304 | D:8      | Found an iron altar of Okawaru.
  9316 | D:8      | Became a worshipper of Warmaster Okawaru
  9703 | D:9      | Noticed a two-headed ogre
  9710 | D:9      | Killed a two-headed ogre
  9892 | D:9      | Reached * piety under Okawaru
 10184 | D:9      | Found a burning altar of Makhleb.
 10211 | D:9      | Found a sparkling altar of Nemelex Xobeh.
 10269 | D:9      | Identified the +2 robe "Beikhlaf" {rElec rC+ Slay+2}
 10379 | D:9      | Found a blossoming altar of Fedhas.
 11216 | D:10     | Entered Level 10 of the Dungeon
 11225 | D:10     | Noticed a tengu warrior
 11226 | D:10     | Noticed a centaur warrior
 11345 | D:10     | Noticed a brown ugly thing
 11350 | D:10     | Killed a brown ugly thing
 11350 | D:10     | Reached ** piety under Okawaru
 11381 | D:10     | Found a flagged portal.
 11390 | Bailey   | Entered a bailey
 11597 | Bailey   | Reached skill level 5 in Dodging
 11700 | Bailey   | Noticed an orc warlord
 11730 | Bailey   | Killed an orc warlord
 11730 | Bailey   | Reached *** piety under Okawaru
 12004 | Bailey   | Got Beost's Tome of Hurting
 12028 | Bailey   | Reached skill level 5 in Throwing
 12028 | Bailey   | Reached XP level 12. HP: 112/112 MP: 11/11
 12364 | D:10     | Killed a centaur warrior
 12534 | D:10     | Found a staircase to the Lair.
 13051 | D:10     | Found a staircase to the Orcish Mines.
 13227 | D:10     | Killed a tengu warrior
 13228 | D:10     | Reached XP level 13. HP: 18/118 MP: 12/12
 14133 | D:11     | Received a gift from Okawaru
 14558 | D:11     | Found a frozen archway.
 14563 | D:11     | Reached **** piety under Okawaru
 14573 | IceCv    | Entered an ice cave
 15554 | IceCv    | Found an ancient bone altar of Kikubaaqudgha.
 16229 | IceCv    | Got Maytoq's Codex of Frostbite and the Dead
 16433 | D:11     | Found a portal to a secret trove of treasure.
 16565 | D:11     | You fall into a shaft and drop 3 floors!
 16626 | D:14     | Reached ***** piety under Okawaru
 16646 | D:14     | Found a gate to the Vaults.
 16646 | D:14     | Noticed an ironbound preserver
 16658 | D:14     | Killed an ironbound preserver
 16658 | D:14     | Identified the +1 pair of gloves of the Poles {rPois Int+5}
                  | (Okawaru gifted it to you on level 14 of the Dungeon)
 16658 | D:14     | Received a gift from Okawaru
 17338 | D:14     | Found Syri's Demolitions Depot.
 17757 | D:13     | Found Ybreh's Assorted Antiques.
 17774 | D:13     | Reached XP level 14. HP: 103/129 MP: 13/13
 18530 | D:13     | Noticed a fire giant
 18539 | D:13     | Killed a fire giant
 18544 | D:13     | Identified the +1 steam dragon scales "Kem Qah" {rPois rC+}
                  | (Okawaru gifted it to you on level 13 of the Dungeon)
 18544 | D:13     | Received a gift from Okawaru
 19156 | D:13     | Identified the +1 ring mail of Defiance {rPois rF+ rC+
                  | Dex+4}
 19315 | D:13     | Noticed a sphinx
 19325 | D:13     | Killed a sphinx
 19823 | D:12     | Noticed Sonja
 19833 | D:12     | Killed Sonja
 20105 | D:12     | Noticed Jorgrun
 20116 | D:12     | Killed Jorgrun
 20235 | D:12     | Noticed Frances
 20248 | D:12     | Killed Frances
 20249 | D:12     | Reached skill level 10 in Dodging
 21397 | Lair:1   | Entered Level 1 of the Lair of Beasts
 21630 | Lair:1   | Noticed Urug
 21641 | Lair:1   | Killed Urug
 21802 | Lair:1   | Found a gate leading to a gauntlet.
 21812 | Gauntlet | Entered a Gauntlet
 21812 | Gauntlet | Found a transporter.
 21812 | Gauntlet | Found a transporter.
 21824 | Gauntlet | Noticed a reaper
 21831 | Gauntlet | Found a transporter.
 21835 | Gauntlet | Found a transporter.
 21854 | Gauntlet | Found a transporter.
 21879 | Gauntlet | Found a transporter.
 21886 | Gauntlet | Found a transporter.
 21896 | Gauntlet | Found a transporter.
 21915 | Gauntlet | Found a transporter.
 21924 | Gauntlet | Found a transporter.
 21943 | Gauntlet | Found a transporter.
 21974 | Gauntlet | Found a transporter.
 22133 | Gauntlet | Reached XP level 15. HP: 99/139 MP: 14/14
 22352 | Gauntlet | Identified the ring of Xanitax {rElec SInv}
 22370 | Gauntlet | Identified the +1 pair of gloves of Haaxta {rElec} (Okawaru
                  | gifted it to you in a Gauntlet)
 22370 | Gauntlet | Received a gift from Okawaru
 22609 | Gauntlet | Found the +3 giant club "Skullcrusher" {speed, Str+7}
 24213 | Lair:3   | Found a hole to the Spider Nest.
 24349 | Lair:3   | Found a staircase to the Swamp.
 24475 | Lair:3   | Found a runed translucent door.
 24622 | Lair:3   | Reached skill level 15 in Shields
 24877 | Lair:3   | Reached skill level 15 in Armour
 25025 | Lair:3   | Found a runed translucent door.
 25027 | Lair:3   | Identified the +6 trident "Jutiz" {elec, rC+ Str+7}
 25027 | Lair:3   | Noticed Ekohas's ghost (journeyman OgGl)
 25415 | Lair:3   | Killed Ekohas's ghost
 25552 | Lair:4   | Found a viscous altar of Jiyva.
 25560 | Lair:4   | Found a staircase to the Slime Pits.
 25692 | Lair:4   | Reached skill level 15 in Fighting
 26144 | Lair:4   | Received a gift from Okawaru
 26270 | Lair:4   | Reached skill level 10 in Throwing
 26891 | Lair:5   | Entered Level 5 of the Lair of Beasts
 27206 | Lair:5   | Identified the +4 war axe of Popular Demand {vorpal, Will+
                  | Dex+4} (Okawaru gifted it to you on level 5 of the Lair of
                  | Beasts)
 27206 | Lair:5   | Received a gift from Okawaru
 27320 | Lair:5   | Reached skill level 15 in Axes
 28025 | Lair:5   | Reached XP level 16. HP: 145/149 MP: 15/15
 28837 | D:13     | Received a gift from Okawaru
 28857 | D:13     | Bought a scroll of acquirement for 1664 gold pieces
 28869 | D:13     | Acquired a manual of Dodging
 29105 | Orc:1    | Entered Level 1 of the Orcish Mines
 29173 | Orc:1    | Found Voibb's Book Shoppe.
 29377 | Orc:2    | Entered Level 2 of the Orcish Mines
 29426 | Orc:2    | Reached ****** piety under Okawaru
 29465 | Orc:2    | Reached skill level 1 in Evocations
 29994 | Orc:2    | Found Xeyzuiru's General Store.
 29995 | Orc:2    | Found Usta Foe's Book Shop.
 29997 | Orc:2    | Found Fuariemm's Antique Armour Boutique.
 29997 | Orc:2    | Found Riasu's Antique Weapon Boutique.
 30014 | Orc:2    | Bought a glowing scale mail for 231 gold pieces
 30289 | Orc:2    | Found a staircase to the Elven Halls.
 30789 | D:7      | Bought a knobbly gilded ring for 165 gold pieces
 30938 | Orc:2    | Bought a scroll of teleportation for 42 gold pieces
 31332 | D:1      | Bought a ring of willpower for 350 gold pieces
 31633 | D:15     | Entered Level 15 of the Dungeon
 31650 | D:14     | Received a gift from Okawaru
 31950 | D:15     | Identified the +3 hand axe of Spontaneous Combustion
                  | {venom, *Rage Str+3} (Okawaru gifted it to you on level 15
                  | of the Dungeon)
 31950 | D:15     | Received a gift from Okawaru
 31957 | D:15     | Reached skill level 1 in Invocations
 32679 | D:15     | Found a staircase to the Depths.
 33157 | Swamp:1  | Entered Level 1 of the Swamp
 33180 | Swamp:1  | HP: 1/151 [eight-headed hydra (10)]
 33180 | Swamp:1  | Mangled by an alligator

Illustrated notes

Levels and vault maps discovered:
D:1:      dpeg_arrival_three_bigger_balls, layout_rooms, serial_shops, shop,
          serial_aquarium, aquarium_bridge_long_separate
          [aquarium_subvault_bridge, aquarium_subvault_bridge,
          aquarium_subvault_balcony, aquarium_subvault_window,
          aquarium_subvault_bridge, aquarium_subvault_wall],
          aquarium_window_corner, aquarium_window_fake, aquarium_view_2e,
          aquarium_view_2e, aquarium_pool_side, amethyst_killhole
D:2:      layout_basic, minivault_19, nicolae_concentric_dashed_squares_mild,
          guppyfry_early_lair_pool
D:3:      layout_rooms, bloody_trog, lemuel_doored_altar,
          gup_sewer_entry_bubbles, minmay_circle_x
D:4:      layout_loops_ring, mainiacjoe_overflow_cross_hatched,
          grunt_qazlal_sundering, kennysheep_mini_moat, gammafunk_ghost_split,
          kennysheep_generic_room_10
D:5:      layout_rooms, gammafunk_ghost_arena
D:6:      layout_loops_corners, slow_altar_2, kennysheep_orc_sif_temple,
          dancing_weapons_uskayaw, mainiacjoe_overflow_brackets,
          nicolae_ashenzari_skybound, minmay_temple_entry_enclosed_plants,
          uniq_duvessa
D:7:      layout_basic, serial_shops, nicolae_shop_advertising_works
          [nicolae_subvault_shop_adworks]
D:8:      layout_loops_ring, okawaru_ov_weapons_minmay,
          mainiacjoe_overflow_alcove_1, amcnicky_altar_gilded,
          dilly_guarded_unrand_throatcut
D:9:      layout_layer_cave, mainiacjoe_overflow_24_doors,
          mainiacjoe_overflow_six_doors_small,
          mainiacjoe_overflow_concentric_impassable, palyth_stone_intersect
D:10:     layout_basic, david_lair_generic, orc_0_dummy, enter_bailey_2,
          minmay_misc_feat_five, kennysheep_cross_room, grunt_tough_drop
D:11:     layout_roguey, portal_ice_cave_rime, nicolae_trove_entry_columns
D:12:     layout_roguey, kennysheep_generic_room_6, uniq_jorgrun, uniq_frances,
          uniq_sonja
D:13:     layout_basic, serial_shops, nicolae_shop_trees, nicolae_rejected_hall
D:14:     layout_rooms, skrybe_vaults_entry_preservation,
          minmay_misc_feat_four_crosses, hex_large, nicolae_blasting_shop,
          kennysheep_flooded_box
D:15:     grunt_enter_depths_hoard, layout_cave_pools, serial_park_avenue1
Temple:   hellmonk_temple_rainy
Lair:1:   layout_regular_city, gauntlet_entry_generic, lemuel_old_faithful,
          uniq_urug
Lair:2:   layout_chaotic_city, infiniplex_staircase_pool
Lair:3:   gammafunk_mikee_crab_dinner, layout_cave_pods,
          minmay_swamp_entry_swarm, spider_nest_entry_web_field,
          ebering_ghost_funeral_grove
Lair:4:   layout_regular_city, slime_entry_1, minmay_shattered_shrine
Lair:5:   hangedman_lair_caniforms_friends, layout_cave_pods,
          guppyfry_lair_end_dragon, serial_bayou_pond_d,
          minmay_lair_oklob_bushes, nicolae_lair_grove_arrangements
Swamp:1:  nicolae_swamp_flooded_prison, layout_falls_marsh,
          evilmike_swamp_ruin_house_5, swamp_pool1, roderic_carrion_pond
Orc:1:    layout_diamond_mine, serial_shops, shop
Orc:2:    st_orc_congregation, layout_caves

Skill      XL: |  1  2  3  4  5  6  7  8  9 10 11 12 13 14 15 16 |
---------------+-------------------------------------------------+-----
Fighting       | 4 5 6 7 9 10 11 12 13 14 15 | 15.9
Armour         | 4 5 6 7 9 10 11 12 13 14 15 16 | 16.0
Shields        | 4 5 6 7 9 10 12 13 14 15 16 | 16.0
Axes           | 3 4 5 6 7 9 10 11 13 14 15 | 15.6
Dodging        | 3 6 8 10 11 12 | 12.8
Throwing       | 3 5 6 7 9 10 11 | 11.0
Evocations     | 2 |  2.8
Invocations    | 1 |  1.8

Action                   |  1- 3 |  4- 6 |  7- 9 | 10-12 | 13-15 | 16-18 || total
-------------------------+-------+-------+-------+-------+-------+-------++-------
Melee: War axe           |    69 |   119 |   131 |   322 |  1073 |   366 ||  2080
       Headbutt          |     9 |    13 |    16 |    69 |   316 |    91 ||   514
Invok: Heroism           |       |       |       |       |     3 |       ||     3
       Finesse           |       |       |       |       |     2 |       ||     2
Evoke: Wand              |       |       |     1 |       |       |       ||     1
  Use: Scroll            |     2 |    10 |     3 |     6 |     7 |     2 ||    30
       Potion            |       |     1 |     1 |     4 |     2 |     1 ||     9
 Stab: Invisible         |       |       |       |     4 |       |       ||     4
Armor: Scale mail        |    39 |    52 |    14 |       |       |       ||   105
       Plate armour      |       |       |    62 |   156 |    56 |       ||   274
       Crystal plate arm |       |       |       |       |   757 |   216 ||   973
Dodge: Dodged            |    35 |    54 |    45 |   102 |   373 |   137 ||   746
Block: Buckler           |    23 |    21 |    40 |   101 |   466 |   285 ||   936
